[Event "Titled Tuesday Blitz June 6 Late 2023"]
[White "Arun, Siddharth"]
[Black "Injac, Teodora"]
[WhiteFideId "2079178"]
[BlackFideId "932400"]
[WhiteElo "2356"]
[BlackElo "2269"]
[Result "0-1"]
[Round "1"]
[TimeControl "180+2"]
[Date "2023.06.07"]
[WhiteClock "0:00:17"]
[BlackClock "0:00:03"]
[Board "115"]

1. d4 Nf6 2. Nc3 d5 3. Bf4 c6 4. e3 Bf5 5. f3 h5 6. Bd3 e6 7. Nge2 Nbd7 8. e4 dxe4 9. fxe4 Bg4 10. h3 Bxe2 11. Qxe2 Qb6 12. O-O-O Bb4 13. Be3 Qa5 14. Nb1 Qxa2 15. c3 Be7 16. g4 Nb6 17. g5 Nfd7 18. Rhf1 g6 19. e5 Rf8 20. Rf2 Nd5 21. Rdf1 Nxe3 22. Qxe3 Nb6 23. Rxf7 Rxf7 24. Bxg6 O-O-O 25. Bxf7 Na4 26. Rf2 Kb8 27. g6 Bf8 28. Qg5 Rc8 29. g7 Bxg7 30. Qxg7 c5 31. d5 exd5 32. e6 c4 33. Qe5+ Ka8 34. e7 Nc5 35. e8=Q Nd3+ 36. Kd1 Qxb1+ 37. Ke2 Qe1+ 38. Kf3 Nxe5+ 39. Kg2 Rxe8 40. Bxe8 Qe4+ 41. Kh2 Nf3+ 42. Kg3 Qxe8 43. Rxf3 Qg6+ 44. Kh4 a5 45. Rg3 Qf6+ 46. Rg5 Ka7 47. Kxh5 a4 48. Rxd5 Qf3+ 0-1


[Site "https://www.chess.com"]

[Event "Titled Tuesday Blitz June 6 Late 2023"]
[White "Melikyan, Gnel"]
[Black "Sairam, Pranav"]
[WhiteFideId "54109990"]
[BlackFideId "30951330"]
[WhiteElo "2138"]
[BlackElo "1918"]
[Result "1/2-1/2"]
[Round "1"]
[TimeControl "180+2"]
[Date "2023.06.07"]
[WhiteClock "0:00:04"]
[BlackClock "0:00:10"]
[Board "116"]

1. Na3 e5 2. Nc4 Nc6 3. g3 d5 4. Ne3 Nf6 5. Bg2 Be6 6. Nf3 h6 7. O-O Qd7 8. c3 O-O-O 9. Qa4 e4 10. Nd4 Nxd4 11. Qxd7+ Bxd7 12. cxd4 Bb5 13. Re1 c5 14. Nc2 c4 15. b3 cxb3 16. axb3 Kb8 17. Ba3 Rc8 18. Ne3 Bxa3 19. Rxa3 Rc7 20. Raa1 g6 21. Kf1 h5 22. h4 Rc6 23. f3 Re8 24. Kf2 exf3 25. exf3 Bd3 26. Ra5 b6 27. Raa1 Kb7 28. Bh3 a6 29. Rec1 Bb5 30. Rc3 Re7 31. Rac1 Rec7 32. Bg2 a5 33. f4 Ne4+ 34. Bxe4 dxe4 35. d5 Rc5 36. d6 Rxc3 37. dxc3 Rd7 38. c4 Bc6 39. Rd1 f5 40. Nc2 b5 41. Ke3 a4 42. bxa4 bxc4 43. a5 Ka6 44. Nb4+ Kb5 45. Nc2 Kc5 46. a6 Rxd6 47. Rxd6 Kxd6 48. Kd4 Kc7 49. Kxc4 Kb6 50. Nb4 Bb5+ 51. Kd4 Bxa6 52. Nd5+ Kc6 53. Ne7+ Kd7 54. Nxg6 Ke6 55. Ne5 Be2 56. Ke3 Bg4 57. Nc6 Kf6 58. Nd4 Kg6 59. Nc2 Kf6 60. Kd4 Kg6 61. Ne3 Kf6 62. Kd5 Kg6 63. Ke6 Bh3 64. Ke5 Bg4 65. Nd5 Bh3 66. Nc3 Bg4 67. Nb1 Bh3 68. Nd2 Bg4 69. Nc4 Bh3 70. Ke6 Bg4 71. Ne5+ Kh6 72. Kf6 Kh7 73. Ke6 Kh6 74. Kd5 Kg7 75. Kd4 Kf6 76. Nc4 Bh3 77. Ke3 Bg4 78. Nb6 Bh3 79. Nd7+ Ke7 80. Ne5 Ke6 81. Kd4 Kf6 82. Kd5 Bg4 83. Nc4 Kg6 84. Ke6 Kg7 85. Ke5 Kg6 86. Ne3 Kg7 87. Ke6 Kg6 88. Ke7 Kg7 89. Nd5 Kg6 90. Kf8 Bh3 91. Kg8 Bg4 92. Kf8 Bh3 93. Ke7 Bg4 94. Ke6 Bh3 95. Ne3 Bg4 96. Ng2 Bf3 97. Ne1 Bg4 98. Ke5 Bh3 99. Nc2 Bg4 100. Nd4 Kf7 101. Kd5 Ke7 102. Nc2 Kf6 103. Ne3 Kf7 104. Ke5 1/2-1/2


[Site "https://www.chess.com"]

[Event "Titled Tuesday Blitz June 6 Late 2023"]
[White "Romero Ruscalleda, Josep"]
[Black "Bjelobrk, Igor"]
[WhiteFideId "2231859"]
[BlackFideId "4300726"]
[WhiteElo "2183"]
[BlackElo "2319"]
[Result "1-0"]
[Round "1"]
[TimeControl "180+2"]
[Date "2023.06.07"]
[WhiteClock "0:00:58"]
[BlackClock "0:00:01"]
[Board "117"]

1. e4 e6 2. d4 d5 3. e5 c5 4. c3 Nc6 5. Be3 Qb6 6. Qd2 cxd4 7. cxd4 Nge7 8. Nf3 Nf5 9. Nc3 Nxe3 10. fxe3 Be7 11. Bd3 Bd7 12. O-O f5 13. exf6 Bxf6 14. Rac1 O-O 15. Na4 Qc7 16. Nc5 Rae8 17. a3 Bc8 18. Bb1 Qd6 19. Rf2 e5 20. dxe5 Nxe5 21. Ne4 Nxf3+ 22. Rxf3 Qe5 23. Nxf6+ Rxf6 24. Rxf6 Qxf6 25. Qxd5+ Kh8 26. Qd3 Qh6 27. Re1 Be6 28. e4 Bf7 29. Qd7 Bg6 30. h3 Qh4 31. Rf1 h6 32. e5 Qg5 33. e6 1-0


[Site "https://www.chess.com"]

[Event "Titled Tuesday Blitz June 6 Late 2023"]
[White "MaryanKyrychenko"]
[Black "Bogaudinov, Rushan"]
[BlackFideId "4129288"]
[WhiteElo "2628"]
[BlackElo "1967"]
[Result "1-0"]
[Round "1"]
[TimeControl "180+2"]
[Date "2023.06.07"]
[WhiteClock "0:00:18"]
[BlackClock "0:00:10"]
[Board "118"]

1. e4 c5 2. Nc3 Nc6 3. f4 e6 4. Nf3 d5 5. Bb5 Nf6 6. Bxc6+ bxc6 7. d3 Ba6 8. e5 Nd7 9. O-O c4 10. d4 c5 11. Be3 cxd4 12. Nxd4 Bc5 13. f5 Nxe5 14. fxe6 f6 15. Na4 Be7 16. Nf5 O-O 17. Qxd5 Re8 18. Nxe7+ Qxe7 19. Nc5 Rad8 20. Qe4 Bc8 21. Rad1 Bxe6 22. c3 Bf7 23. Bd4 Nd3 24. Qxe7 Rxe7 25. Nxd3 cxd3 26. Rfe1 Rxe1+ 27. Rxe1 Bxa2 28. Kf2 Bb3 29. Ke3 Bc2 30. Kd2 a6 31. b4 Kf7 32. Ra1 Rd6 33. Ra5 Re6 34. Be3 g5 35. g3 h6 36. c4 Kg6 37. b5 axb5 38. cxb5 Kh5 39. b6 Re8 40. b7 Rb8 41. Rb5 Ba4 42. Rb6 Bc6 43. Rxc6 Rxb7 44. Kxd3 Rb2 45. Bd2 f5 46. Ke2 Rb8 47. Kf3 Rd8 48. Be3 Rd3 49. h3 g4+ 50. Ke2 Rd5 51. Rxh6# 1-0


[Site "https://www.chess.com"]

[Event "Titled Tuesday Blitz June 6 Late 2023"]
[White "julioramirezosio"]
[Black "Domingo Nunez, Ruben"]
[BlackFideId "22245570"]
[WhiteElo "2340"]
[BlackElo "2404"]
[Result "1-0"]
[Round "1"]
[TimeControl "180+2"]
[Date "2023.06.07"]
[WhiteClock "0:00:04"]
[BlackClock "0:00:08"]
[Board "119"]

1. d4 g6 2. c4 Bg7 3. e4 d6 4. Nc3 Nd7 5. Nf3 e5 6. g3 exd4 7. Nxd4 h5 8. h4 Ngf6 9. Bg2 O-O 10. O-O Ne5 11. c5 dxc5 12. Ndb5 Qe7 13. Bg5 c6 14. Qd6 Qd7 15. Qxe5 Ng4 16. Qxc5 b6 17. Qd6 cxb5 18. e5 Bxe5 19. Qxd7 Bxd7 20. Bxa8 Rxa8 21. Rfd1 Bc6 22. Rac1 Re8 23. b3 Kg7 24. Nd5 Re6 25. f4 Bb2 26. Rc2 Ba3 27. f5 gxf5 28. Nf4 Be4 29. Nxe6+ fxe6 30. Rc7+ Kg6 31. Rdd7 Bb2 32. Rxa7 Ne5 33. Rd8 Nf3+ 34. Kf2 Nxg5 35. hxg5 Kxg5 36. Rg8+ Kf6 37. Rb8 Ke5 38. Ke2 Bd4 39. Rh7 Bb1 40. a4 bxa4 41. bxa4 Bc2 42. Ra8 Be4 43. Raa7 Bd5 44. Kd2 Bf3 45. Rab7 Bxb7 46. Rxb7 Bc5 47. Kd3 f4 48. gxf4+ Kxf4 49. Rh7 Kg4 50. Ke4 h4 51. Rg7+ Kh5 52. Kf4 Bd4 53. Rh7+ Kg6 54. Rxh4 Kf6 55. Ke4 Bc5 56. Rh6+ Ke7 57. Ke5 Kd7 58. Rxe6 Kc7 59. Kd5 Kb7 60. Kc4 Bf2 61. Kb5 Kc7 62. Rc6+ Kd7 63. Rf6 Kc7 64. Rxf2 1-0


[Site "https://www.chess.com"]

[Event "Titled Tuesday Blitz June 6 Late 2023"]
[White "Domingo Nunez, Alejandro"]
[Black "Senft, Sean"]
[WhiteFideId "22245561"]
[BlackFideId "2044960"]
[WhiteElo "2291"]
[BlackElo "1989"]
[Result "0-1"]
[Round "1"]
[TimeControl "180+2"]
[Date "2023.06.07"]
[WhiteClock "0:00:01"]
[BlackClock "0:00:17"]
[Board "120"]

1. Nf3 d5 2. g3 Nf6 3. Bg2 c5 4. O-O Nc6 5. d4 e6 6. c4 cxd4 7. Nxd4 Nxd4 8. Qxd4 Be7 9. cxd5 exd5 10. Nc3 Be6 11. Bg5 O-O 12. Rad1 h6 13. Bxf6 Bxf6 14. Qb4 d4 15. e3 d3 16. Qxb7 Rb8 17. Qa6 Rxb2 18. Rxd3 Qc7 19. Nd5 Qc2 20. Nxf6+ gxf6 21. Rd4 Rxa2 22. Qb5 Rc8 23. Be4 Qc5 24. Qb1 a5 25. Qd1 Bh3 26. Re1 Kg7 27. Bb1 Rb2 28. Rh4 Be6 29. Qd3 Qc3 30. Qh7+ Kf8 31. Qxh6+ Ke7 32. Rf1 Rcb8 33. Be4 a4 34. Qf4 a3 35. Bf5 a2 36. Bxe6 Kxe6 37. Qe4+ Kd7 38. Qd5+ Kc7 39. Rc4+ Qxc4 40. Qxc4+ Kd7 41. Qd4+ Ke7 42. Qc5+ Ke8 43. Qc6+ Kf8 44. Qd6+ Kg7 45. Qa3 R8b3 46. Qa4 Rb4 47. Qa5 Rb5 48. Qa3 R5b3 49. Qa6 Rb6 50. Qa5 R6b5 51. Qa4 Rb8 0-1


[Site "https://www.chess.com"]

[Event "Titled Tuesday Blitz June 6 Late 2023"]
[White "Prieto Aranguren, Alain"]
[Black "Gomez Ledo, Roberto Carlos"]
[WhiteFideId "2268906"]
[BlackFideId "3507076"]
[WhiteElo "2209"]
[BlackElo "2378"]
[Result "0-1"]
[Round "1"]
[TimeControl "180+2"]
[Date "2023.06.07"]
[WhiteClock "0:00:09"]
[BlackClock "0:00:22"]
[Board "121"]

1. d4 Nf6 2. c4 e6 3. Nc3 Bb4 4. e3 O-O 5. Bd3 d5 6. Nf3 c5 7. O-O cxd4 8. exd4 dxc4 9. Bxc4 Bxc3 10. bxc3 b6 11. Bg5 Nbd7 12. Bd3 Qc7 13. Qe2 Bb7 14. Rac1 h6 15. Bh4 Nh5 16. Bg3 Nxg3 17. hxg3 Rac8 18. Rfe1 Rfd8 19. Bb1 Bd5 20. Qd3 f5 21. Qe2 Qc4 22. Qb2 b5 23. Ne5 Nxe5 24. Rxe5 a5 25. g4 b4 26. gxf5 bxc3 27. Qc2 Qxd4 28. Re3 Qd2 29. fxe6 Qxc2 30. Bxc2 Re8 31. Bg6 Rxe6 32. Rxe6 Bxe6 33. a3 Bb3 34. Bc2 a4 35. Kf1 Kf7 36. Ke2 Bc4+ 37. Bd3 Re8+ 0-1


[Site "https://www.chess.com"]

[Event "Titled Tuesday Blitz June 6 Late 2023"]
[White "Eugene, Floryan"]
[Black "Campos, Maria Jose"]
[WhiteFideId "20694784"]
[BlackFideId "146803"]
[WhiteElo "2369"]
[BlackElo "2170"]
[Result "1-0"]
[Round "1"]
[TimeControl "180+2"]
[Date "2023.06.07"]
[WhiteClock "0:01:33"]
[BlackClock "0:00:55"]
[Board "122"]

1. d4 Nf6 2. c4 e6 3. g4 d5 4. g5 Ne4 5. Bg2 Bb4+ 6. Kf1 Nc6 7. Nf3 O-O 8. h4 a6 9. Qc2 Bd7 10. c5 b6 11. a3 bxc5 12. axb4 cxd4 13. Nbd2 Nxb4 14. Qb1 Nxd2+ 15. Bxd2 Nc6 16. h5 e5 17. g6 fxg6 18. hxg6 h6 19. Ng5 e4 20. Bxe4 dxe4 21. Qa2+ Kh8 22. Nf7+ Rxf7 23. Qxf7 Ne5 24. Rxh6+ 1-0


[Site "https://www.chess.com"]

[Event "Titled Tuesday Blitz June 6 Late 2023"]
[White "Kaganskiy, Gleb"]
[Black "Schnaider, Ilan"]
[WhiteFideId "4132025"]
[BlackFideId "169013"]
[WhiteElo "2165"]
[BlackElo "2224"]
[Result "0-1"]
[Round "1"]
[TimeControl "180+2"]
[Date "2023.06.07"]
[WhiteClock "0:00:02"]
[BlackClock "0:00:56"]
[Board "123"]

1. e4 c5 2. Nf3 d6 3. d4 cxd4 4. Qxd4 Nc6 5. Bb5 Bd7 6. Bxc6 Bxc6 7. Nc3 e5 8. Qd3 Nf6 9. Bg5 Be7 10. Bxf6 Bxf6 11. O-O Qe7 12. Rfd1 Rd8 13. Nd5 Bxd5 14. Qxd5 O-O 15. Rd3 Rc8 16. c3 Rc6 17. Rad1 Rfc8 18. Ne1 Rb6 19. R3d2 Bg5 20. Re2 h5 21. Qd3 g6 22. Qh3 Rc7 23. Nd3 a5 24. g3 Bh6 25. Rf1 Rc4 26. Kg2 Kg7 27. Kg1 Qe8 28. Rd1 Qc6 29. Qg2 Qd7 30. h3 Qe6 31. g4 hxg4 32. hxg4 Bg5 33. Qf3 Rbc6 34. Qg2 Rc8 35. Qf3 Rh8 36. Kg2 Rh4 37. Kg3 Rc8 38. Ree1 Rch8 39. Rh1 Qxa2 40. Rxh4 Bxh4+ 41. Kg2 Bg5 42. Rh1 Rxh1 43. Kxh1 Qb1+ 44. Kg2 Qc2 45. Kg3 a4 46. Kg2 b5 47. Kg3 Bc1 48. g5 Bxg5 49. Qf6+ Bxf6 0-1


[Site "https://www.chess.com"]

[Event "Titled Tuesday Blitz June 6 Late 2023"]
[White "Abrahamyan, Tatev"]
[Black "Gerbelli Neto, Eduardo"]
[WhiteFideId "13301918"]
[BlackFideId "2103281"]
[WhiteElo "2342"]
[BlackElo "2178"]
[Result "1-0"]
[Round "1"]
[TimeControl "180+2"]
[Date "2023.06.07"]
[WhiteClock "0:00:27"]
[BlackClock "0:00:12"]
[Board "124"]

1. e4 e5 2. Nf3 Nc6 3. Bc4 Nf6 4. Ng5 d5 5. exd5 Nd4 6. c3 b5 7. Bf1 Nxd5 8. cxd4 Qxg5 9. Bxb5+ Kd8 10. Qf3 Bb7 11. O-O Rb8 12. d3 Nf4 13. Bxf4 exf4 14. Bc6 Bxc6 15. Qxc6 Bd6 16. Nc3 Re8 17. Rfe1 Re7 18. Nd5 f3 19. g3 Re2 20. Rac1 Qd2 21. Red1 Qxb2 22. Nxc7 Rb6 23. Qa8+ Kd7 24. Nd5 Rc2 25. Qxa7+ Ke6 26. Re1+ Re2 27. Qxb6 Kxd5 28. Qc6+ Ke6 29. Qxf3 1-0


[Site "https://www.chess.com"]

[Event "Titled Tuesday Blitz June 6 Late 2023"]
[White "Hollan, Petr"]
[Black "Skatchkov, Pavel"]
[WhiteFideId "360945"]
[BlackFideId "4121848"]
[WhiteElo "2254"]
[BlackElo "2476"]
[Result "0-1"]
[Round "1"]
[TimeControl "180+2"]
[Date "2023.06.07"]
[WhiteClock "0:01:42"]
[BlackClock "0:01:36"]
[Board "125"]

1. e4 e5 2. Nf3 d5 3. exd5 e4 4. Qe2 Nf6 5. Nc3 Be7 6. Nxe4 Nxd5 7. Qd1 O-O 8. Be2 c5 9. O-O Nc6 10. d3 Bf5 11. Ng3 Bg6 12. Re1 h6 13. Bf1 Qc7 14. a3 Rad8 15. Nd2 Nd4 16. c3 Ne6 17. Qg4 Ndf4 18. Nf5 Bf6 19. Ng3 h5 20. Qf3 Nxd3 21. Bxd3 Rxd3 22. Qe2 Nf4 23. Qf1 h4 24. Nde4 hxg3 25. Bxf4 Qxf4 26. Qxd3 gxf2+ 0-1


[Site "https://www.chess.com"]

[Event "Titled Tuesday Blitz June 6 Late 2023"]
[White "Annaberdiyev, Meylis"]
[Black "Olsson, William"]
[WhiteFideId "14000563"]
[BlackFideId "1741721"]
[WhiteElo "2416"]
[BlackElo "2197"]
[Result "1-0"]
[Round "1"]
[TimeControl "180+2"]
[Date "2023.06.07"]
[WhiteClock "0:01:52"]
[BlackClock "0:01:22"]
[Board "126"]

1. e4 c5 2. Nf3 d6 3. d4 cxd4 4. Qxd4 Nc6 5. Bb5 Bd7 6. Bxc6 bxc6 7. Nc3 e5 8. Qd3 Nf6 9. Bg5 h6 10. Bh4 g5 11. Bg3 Be7 12. h4 g4 13. Nd2 Nh5 14. Nc4 Be6 15. O-O-O Qc7 16. Nxd6+ Bxd6 17. Qxd6 Qxd6 18. Rxd6 Nxg3 19. fxg3 Rc8 20. Rhd1 Ke7 21. R6d2 Rb8 22. b3 Rb4 23. a3 Rbb8 24. Na4 Rb5 25. Rd3 Rhb8 26. Rc3 Rc8 27. Nc5 Rc7 28. a4 Rb4 29. Na6 Rcb7 30. Nxb4 Rxb4 1-0


[Site "https://www.chess.com"]

[Event "Titled Tuesday Blitz June 6 Late 2023"]
[White "Pavlidou, Ekaterini"]
[Black "Martic, Ivan"]
[WhiteFideId "4213262"]
[BlackFideId "929301"]
[WhiteElo "2126"]
[BlackElo "2346"]
[Result "1/2-1/2"]
[Round "1"]
[TimeControl "180+2"]
[Date "2023.06.07"]
[WhiteClock "0:00:38"]
[BlackClock "0:00:35"]
[Board "127"]

1. d4 Nf6 2. c4 g6 3. Nc3 Bg7 4. e4 d6 5. Be2 O-O 6. Be3 e5 7. d5 Na6 8. Nf3 Nh5 9. g3 c6 10. Nd2 Nf6 11. g4 Ne8 12. h4 f5 13. gxf5 gxf5 14. exf5 Bxf5 15. dxc6 bxc6 16. Nde4 Nac7 17. h5 h6 18. Rg1 Kh7 19. Ng3 Be6 20. Qc2+ Kh8 21. O-O-O Qe7 22. Bd3 d5 23. Bd2 e4 24. Bxe4 dxe4 25. Ncxe4 Rb8 26. Bc3 Nf6 27. Nxf6 Rxf6 28. Ne4 Rbf8 29. Rxg7 Qxg7 30. Nxf6 Rxf6 31. Qd2 Kh7 32. Qd8 Qg5+ 33. Rd2 Qg1+ 34. Rd1 Qg5+ 35. Rd2 Qg1+ 36. Rd1 Qg5+ 1/2-1/2


[Site "https://www.chess.com"]

[Event "Titled Tuesday Blitz June 6 Late 2023"]
[White "Adewumi, Tanitoluwa"]
[Black "Krzywda, Andrzej"]
[WhiteFideId "30966396"]
[BlackFideId "1114565"]
[WhiteElo "2614"]
[BlackElo "2138"]
[Result "1-0"]
[Round "1"]
[TimeControl "180+2"]
[Date "2023.06.07"]
[WhiteClock "0:00:16"]
[BlackClock "0:00:05"]
[Board "128"]

1. e4 e5 2. Nf3 Nf6 3. Nc3 Bb4 4. Nxe5 O-O 5. d4 Nxe4 6. Qf3 d5 7. Bd3 Nxc3 8. Bd2 Bd6 9. bxc3 Nc6 10. O-O Nxe5 11. dxe5 Be7 12. Rab1 c5 13. Rfd1 Rb8 14. Bf4 Be6 15. c4 b6 16. cxd5 Bxd5 17. Bxh7+ Kxh7 18. Rxd5 Qc8 19. Rbd1 Qe6 20. Qe4+ Kg8 21. h3 Rfd8 22. c4 Rdc8 23. Bg3 g6 24. Bh4 Bf8 25. Bf6 Re8 26. Qh4 Bg7 27. R1d3 Bxf6 28. exf6 Qe1+ 29. Kh2 Qc1 30. Rh5 gxh5 31. Rg3+ Kf8 32. Qxh5 Re1 33. Qh8# 1-0


[Site "https://www.chess.com"]

[Event "Titled Tuesday Blitz June 6 Late 2023"]
[White "Yanayt, Eugene"]
[Black "Omranalhosani21"]
[WhiteFideId "2020165"]
[WhiteElo "2083"]
[BlackElo "2612"]
[Result "0-1"]
[Round "1"]
[TimeControl "180+2"]
[Date "2023.06.07"]
[WhiteClock "0:00:01"]
[BlackClock "0:01:07"]
[Board "129"]

1. Nf3 d5 2. d4 Bg4 3. Ne5 Bf5 4. g3 e6 5. Bg2 Nf6 6. h3 h6 7. Nd2 Be7 8. O-O O-O 9. c4 c6 10. a4 Nbd7 11. a5 Nxe5 12. dxe5 Nd7 13. f4 b6 14. Qa4 Qc7 15. b4 dxc4 16. Bxc6 c3 17. Nf3 Rad8 18. Be3 Bxh3 19. Rfc1 bxa5 20. bxa5 Nc5 21. Bxc5 Bxc5+ 22. Kh2 Bf5 23. Rxc3 Be7 24. Rac1 Rc8 25. e4 Bg4 26. Nd4 Rfd8 27. Nb5 Rd2+ 28. Kh1 Qd8 29. Nxa7 Rxc6 30. Nxc6 Qd7 31. Nxe7+ Qxe7 32. a6 Qa7 33. Rc5 Bf3+ 34. Kg1 Rg2+ 35. Kf1 Rh2 36. Qc6 Rh1+ 37. Kf2 Rxc1 38. Qe8+ Kh7 39. Kxf3 Rxc5 0-1


[Site "https://www.chess.com"]

[Event "Titled Tuesday Blitz June 6 Late 2023"]
[White "Gubajdullin, Alexei"]
[Black "Djabri,Massinas"]
[WhiteFideId "4141202"]
[BlackFideId "7905726"]
[WhiteElo "2279"]
[BlackElo "2194"]
[Result "1/2-1/2"]
[Round "1"]
[TimeControl "180+2"]
[Date "2023.06.07"]
[WhiteClock "0:00:18"]
[BlackClock "0:00:12"]
[Board "130"]

1. d4 Nf6 2. Nf3 g6 3. Bf4 Bg7 4. e3 O-O 5. Be2 d6 6. O-O c5 7. c3 Be6 8. Nbd2 Qb6 9. dxc5 dxc5 10. Qc2 Nc6 11. e4 Nh5 12. Be3 Rac8 13. Bc4 Bxc4 14. Nxc4 Qa6 15. Qe2 Na5 16. Nfd2 Rfd8 17. g4 Nf6 18. b3 Nxc4 19. bxc4 Nd7 20. Rac1 Ne5 21. f4 Nd3 22. Rc2 Qa4 23. Nb3 Qxc4 24. e5 Qe4 25. Nd2 Qa4 26. Nf3 Nxf4 27. Bxf4 Qxf4 28. e6 Qxg4+ 29. Kh1 Qxe6 30. Qg2 Qc6 31. c4 Rd3 32. Qe2 Rcd8 33. Kg2 Ra3 34. Qxe7 Rdd3 35. Rcf2 h6 36. h4 Qe6 37. Qxe6 fxe6 38. Re1 Bd4 39. Nxd4 Rg3+ 40. Kf1 cxd4 41. Rxe6 Rgf3 42. Rxg6+ Kh7 43. Rd6 Rxf2+ 44. Kxf2 Rxa2+ 45. Kf3 Rd2 46. Rd7+ Kg6 47. Rxb7 a5 48. Rb5 a4 49. Ra5 Ra2 50. Ke4 a3 51. Kxd4 Ra1 52. h5+ Kf6 53. Kc5 a2 54. Kc6 Rc1 55. Rxa2 Rxc4+ 56. Kd5 Rf4 57. Rg2 Rf5+ 58. Ke4 Rxh5 59. Kf4 Rf5+ 60. Kg3 Rg5+ 61. Kh2 Kf5 62. Rxg5+ hxg5 63. Kg3 g4 64. Kg2 Kg5 65. Kg3 Kf5 66. Kg2 Kf4 67. Kf2 Kg5 68. Kg3 Kh5 69. Kg2 Kh4 70. Kh2 Kg5 71. Kg3 1/2-1/2


[Site "https://www.chess.com"]

[Event "Titled Tuesday Blitz June 6 Late 2023"]
[White "Pace, Christopher"]
[Black "Principe, Gerson"]
[WhiteFideId "2610167"]
[BlackFideId "3804550"]
[WhiteElo "2317"]
[BlackElo "2229"]
[Result "0-1"]
[Round "1"]
[TimeControl "180+2"]
[Date "2023.06.07"]
[WhiteClock "0:01:47"]
[BlackClock "0:02:44"]
[Board "131"]

1. e4 c5 2. Nf3 e6 3. d4 cxd4 4. Nxd4 Nf6 5. Bd3 Nc6 6. Nxc6 bxc6 7. O-O d5 8. Qe2 Be7 9. Nc3 O-O 10. Kh1 Nd7 11. f4 Nc5 12. Be3 d4 13. Rad1 dxe3 14. e5 Nxd3 15. Rxd3 Qb6 0-1


[Site "https://www.chess.com"]

[Event "Titled Tuesday Blitz June 6 Late 2023"]
[White "Bitoon, Richard"]
[Black "Celestino, Rafael Teixeira"]
[WhiteFideId "5201110"]
[BlackFideId "2108925"]
[WhiteElo "2374"]
[BlackElo "2316"]
[Result "1-0"]
[Round "1"]
[TimeControl "180+2"]
[Date "2023.06.07"]
[WhiteClock "0:00:18"]
[BlackClock "0:00:33"]
[Board "132"]

1. e4 e5 2. Nf3 Nc6 3. Bc4 Bc5 4. b4 Bxb4 5. c3 Be7 6. d4 d6 7. Qb3 Na5 8. Bxf7+ Kf8 9. Qa4 Kxf7 10. Qxa5 exd4 11. cxd4 Bg4 12. Qd5+ Kf8 13. Ng5 Bxg5 14. Bxg5 Nf6 15. Qxb7 Kf7 16. O-O h6 17. Bxf6 Kxf6 18. Nc3 Rb8 19. Nd5+ Kg6 20. Qxa7 c6 21. Ne7+ Kh7 22. Nxc6 Qb6 23. Qxb6 Rxb6 24. d5 Re8 25. f3 Bh5 26. a4 Ra8 27. a5 Rba6 28. Rfb1 Be8 29. Nd4 Rxa5 30. Rxa5 Rxa5 31. Nf5 Ra6 32. Rb7 Kg6 33. Rxg7+ Kf6 34. Rh7 Ke5 35. Re7+ Kf4 36. Rxe8 h5 37. h3 h4 38. Nxh4 Ke3 39. Nf5+ Ke2 40. Re6 Ra1+ 41. Kh2 Kf2 42. Nh4 Ra6 43. Rg6 Rb6 44. f4 Ke3 45. Rxd6 Rb2 46. Re6 Kxf4 47. d6 Rd2 48. e5 Kg5 49. Nf3+ Kf4 50. Nxd2 Kf5 51. Re8 Kg6 52. d7 Kf7 53. d8=Q Kg6 54. Qf6+ Kh5 55. Rh8# 1-0


[Site "https://www.chess.com"]

[Event "Titled Tuesday Blitz June 6 Late 2023"]
[White "Ward, Ieuan C"]
[Black "Piesik, Piotr"]
[WhiteFideId "406627"]
[BlackFideId "1136194"]
[WhiteElo "2313"]
[BlackElo "2303"]
[Result "0-1"]
[Round "1"]
[TimeControl "180+2"]
[Date "2023.06.07"]
[WhiteClock "0:02:28"]
[BlackClock "0:02:48"]
[Board "133"]

1. d4 c5 2. d5 e5 3. c4 d6 4. Nc3 Be7 5. e4 Bg5 6. Bd3 Bxc1 7. Rxc1 Ne7 8. Nge2 O-O 9. O-O Nd7 10. h3 Ng6 11. f4 exf4 12. Nxf4 Nxf4 13. Rxf4 Ne5 14. Qd2 Qg5 15. Rf2 Nf3+ 0-1


[Site "https://www.chess.com"]

[Event "Titled Tuesday Blitz June 6 Late 2023"]
[White "Kuzhilniy, Oleksandr"]
[Black "Kohler, Aran"]
[WhiteFideId "34110500"]
[BlackFideId "1002856"]
[WhiteElo "2074"]
[BlackElo "2308"]
[Result "1/2-1/2"]
[Round "1"]
[TimeControl "180+2"]
[Date "2023.06.07"]
[WhiteClock "0:00:16"]
[BlackClock "0:00:11"]
[Board "134"]

1. b3 e5 2. Bb2 Nc6 3. c4 a6 4. e3 Nf6 5. Nf3 d6 6. Nc3 Be7 7. d4 exd4 8. Nxd4 Ne5 9. Be2 O-O 10. O-O c5 11. Nf3 Be6 12. Nxe5 dxe5 13. Bf3 Qc7 14. Nd5 Nxd5 15. Bxd5 Rad8 16. e4 Bxd5 17. cxd5 Bd6 18. Qe2 f5 19. f3 b5 20. Rfc1 fxe4 21. fxe4 Qb6 22. Kh1 c4 23. Rf1 Rxf1+ 24. Rxf1 cxb3 25. axb3 Rf8 26. Rxf8+ Kxf8 27. h3 a5 28. Qf3+ Kg8 29. Qg4 Qc7 30. Qe6+ Kf8 31. Kh2 a4 32. bxa4 bxa4 33. Qf5+ Kg8 34. Qf3 Qe7 35. Qd3 a3 36. Ba1 h6 37. Qa6 Kh7 38. Qc8 Qf6 39. Qf5+ Qxf5 40. exf5 Kg8 41. Kg3 Kf7 42. Kf3 g6 43. Ke4 gxf5+ 44. Kxf5 h5 45. g4 hxg4 46. hxg4 a2 47. g5 Bc7 48. Bb2 Bd6 49. g6+ Ke7 50. Kg5 Kf8 51. Kf6 Kg8 52. Ke6 Bb8 53. d6 Bxd6 54. Kxd6 Kg7 55. Kxe5 Kxg6 56. Kd4 a1=Q 57. Bxa1 1/2-1/2


[Site "https://www.chess.com"]

[Event "Titled Tuesday Blitz June 6 Late 2023"]
[White "Cardozo Munar, Carlos Eduardo"]
[Black "Garcia, Erick"]
[WhiteFideId "4409477"]
[BlackFideId "2058880"]
[WhiteElo "2067"]
[BlackElo "2202"]
[Result "0-1"]
[Round "1"]
[TimeControl "180+2"]
[Date "2023.06.07"]
[WhiteClock "0:01:09"]
[BlackClock "0:02:19"]
[Board "135"]

1. e4 e5 2. Nf3 Nc6 3. Bc4 Bc5 4. O-O Nf6 5. Nc3 d6 6. h3 h6 7. a3 a6 8. b4 Ba7 9. d3 g5 10. Be3 g4 11. hxg4 Bxg4 12. Bxa7 Rxa7 13. Nb1 Rg8 14. Nbd2 Nh5 15. Qb1 Qf6 16. Ne1 Be2 17. Qb3 Qg6 18. b5 Nd4 19. Kh1 Nxb3 0-1


[Site "https://www.chess.com"]

[Event "Titled Tuesday Blitz June 6 Late 2023"]
[White "Bagrationi, Alexander"]
[Black "Spichkin, Alexander"]
[WhiteFideId "14104954"]
[BlackFideId "4144074"]
[WhiteElo "2366"]
[BlackElo "1986"]
[Result "1/2-1/2"]
[Round "1"]
[TimeControl "180+2"]
[Date "2023.06.07"]
[WhiteClock "0:00:53"]
[BlackClock "0:00:37"]
[Board "136"]

1. e4 e5 2. Nf3 d5 3. Nxe5 Bd6 4. d4 dxe4 5. Nc4 Nf6 6. Nc3 Nc6 7. Bg5 Be7 8. d5 Nb4 9. Bxf6 Bxf6 10. Nxe4 O-O 11. Nxf6+ Qxf6 12. c3 Re8+ 13. Ne3 Na6 14. Bxa6 Qxa6 15. Qe2 Qd6 16. O-O Qxd5 17. Nxd5 Rxe2 18. Nxc7 Rb8 19. Rfe1 Rxe1+ 20. Rxe1 Bf5 21. Re8+ Rxe8 22. Nxe8 Be6 23. Nd6 b6 24. a4 a5 25. f3 Kf8 26. Kf2 Ke7 27. Ne4 Bb3 28. Ke3 Bxa4 29. Kd4 Bc6 30. Nd2 Kd6 31. Nc4+ Kc7 32. Ne5 Be8 33. h4 f6 34. Nd3 Kd6 35. g4 Bc6 36. f4 Bd7 37. f5 h5 38. gxh5 Bxf5 39. Nf4 Bg4 40. Ke4 b5 41. Kd4 Bf3 42. Ke3 Bg4 43. Kd4 Bf3 44. c4 b4 45. c5+ Kc6 46. Ne6 Bxh5 47. Nxg7 Bg6 48. h5 Bh7 49. Ne6 a4 50. Kc4 Bg8 51. Kxb4 Bxe6 52. h6 Bg8 53. Kxa4 Kxc5 54. b4+ Kb6 55. b5 f5 56. Kb4 Bh7 57. Kc4 Bg6 58. Kb4 Bh7 59. Kc4 Bg8+ 60. Kb4 Bh7 1/2-1/2


[Site "https://www.chess.com"]

[Event "Titled Tuesday Blitz June 6 Late 2023"]
[White "Gonzalez Vega, Alejandro"]
[Black "Vlassov, Nikolai"]
[WhiteFideId "3510042"]
[BlackFideId "4103360"]
[WhiteElo "2303"]
[BlackElo "2324"]
[Result "0-1"]
[Round "1"]
[TimeControl "180+2"]
[Date "2023.06.07"]
[WhiteClock "0:00:15"]
[BlackClock "0:01:01"]
[Board "137"]

1. e4 c5 2. Nf3 d6 3. c3 Nf6 4. Bd3 g6 5. h3 Bg7 6. O-O O-O 7. Re1 e5 8. Bc2 Re8 9. a4 Nc6 10. Na3 h6 11. d3 Be6 12. Bb3 d5 13. exd5 Nxd5 14. Nc4 Qc7 15. Qc2 Rad8 16. Bd2 Kh7 17. Rad1 a6 18. Bc1 b5 19. axb5 axb5 20. Na3 Qb8 21. Nb1 Na5 22. Bxd5 Bxd5 23. Nbd2 f5 24. b4 cxb4 25. cxb4 Nc6 26. Qb1 Qd6 27. Bb2 Qxb4 28. Qc1 Rc8 29. Bc3 Qd6 30. Qb2 b4 31. Bxe5 Nxe5 32. Nxe5 Rxe5 33. d4 Rxe1+ 34. Rxe1 Ba8 0-1


[Site "https://www.chess.com"]